 Dungeon Crawl Stone Soup version 0.22.1-1-ga44c0e5 (webtiles) character file.

7471 dohliylev the Covert (level 10, -8/77 HPs)
             Began as a Vampire Enchanter on Sept 20, 2018.
             Was a Follower of Makhleb.
             Hit by a stone thrown by a skeletal warrior (26 damage)
             ... led by a skeletal warrior
             ... on level 11 of the Dungeon.
             The game lasted 00:47:03 (7404 turns).

dohliylev the Covert (Vampire Enchanter)            Turns: 7404, Time: 00:47:04

Health: -8/77      AC:  5    Str:  5    XL:     10   Next: 94%
Magic:  1/17       EV: 20    Int: 21    God:    Makhleb [*.....]
Gold:   497        SH:  0    Dex: 23    Spells: 13/19 levels left

rFire    . . .     SeeInvis +   k - +2 short sword (speed)
rCold    . . .     Gourm    .   (no shield)
rNeg     + . .     Faith    .   t - +2 robe "Fuhupe" {rPois rCorr Dex+4}
rPois    +         Spirit   .   (no helmet)
rElec    .         Reflect  .   (no cloak)
rCorr    +         Harm     +   B - +0 pair of gloves
MR       +....                  (no boots)
Stlth    +++++.....             A - amulet of harm
HPRegen  0.22/turn              q - ring of Contentment {Str-2 Dex+4 SInv}
MPRegen  0.15/turn              (no ring)

@: very slightly contaminated
A: fangs 3, see invisible, unbreathing
a: Bat Form, Renounce Religion


You were on level 11 of the Dungeon.
You worshipped Makhleb.
Makhleb was aware of your devotion.
You were not thirsty.

You visited 2 branches of the dungeon, and saw 11 of its levels.

You collected 497 gold pieces.

Inventory:

Hand Weapons
 k - a +2 short sword of speed (weapon)
Armour
 t - the +2 robe "Fuhupe" (worn) {rPois rCorr Dex+4}
   (You found it on level 4 of the Dungeon)

   It affects your dexterity (+4).
   It protects you from poison.
   It provides partial protection from all sources of acid and corrosion.
 w - the +2 robe "Asatun" {Int+4}
   (You found it on level 6 of the Dungeon)

   It affects your intelligence (+4).
 y - a +0 pair of gloves
 B - a +0 pair of gloves (worn)
Jewellery
 q - the ring of Contentment (left hand) {Str-2 Dex+4 SInv}
   (You found it on level 4 of the Dungeon)

   [ring of strength]

   It affects your strength (-2).
   It affects your dexterity (+4).
   It lets you see invisible.
 A - an amulet of harm (around neck)
Wands
 x - a wand of flame (41)
 D - a wand of polymorph (17)
Scrolls
 b - 2 scrolls of fog
 c - a scroll of amnesia {unknown}
 e - a scroll of random uselessness {unknown}
 h - 3 scrolls of magic mapping
 l - 7 scrolls of remove curse
 o - a scroll of blinking
 r - a scroll of enchant weapon {unknown}
Potions
 a - a potion of berserk rage {unknown}
 d - 31 potions of blood
 f - 2 potions of heal wounds {unknown}
 g - a potion of magic {unknown}
 i - 2 potions of curing
 j - a potion of brilliance {unknown}
 m - 2 potions of mutation {unknown}
 n - a potion of agility
 p - a potion of resistance {unknown}
 s - a potion of degeneration {unknown}
 u - a potion of cancellation {unknown}
 v - a potion of flight {unknown}
 z - a potion of haste
 C - 2 potions of lignification {unknown}


   Skills:
 + Level 6.8 Fighting
 - Level 8.0 Short Blades
 + Level 8.5 Dodging
 + Level 11.5 Stealth
 - Level 5.0 Spellcasting
 - Level 5.1 Hexes
 - Level 1.0 Ice Magic
 - Level 4.4 Invocations
 - Level 3.2 Evocations


You had 13 spell levels left.
You knew the following spells:

 Your Spells              Type           Power        Failure   Level  Hunger
a - Corona                Hex            ####...      1%          1    None
b - Ensorcelled Hibernat  Hex/Ice        ###...       4%          2    None
c - Confuse               Hex            ####....     4%          3    ##.....

Your spell library contained the following spells:

 Spells                   Type           Power        Failure   Level  Hunger
 Tukima's Dance           Hex            ####....     4%          3    ##.....
 Dazzling Spray           Conj/Hex       ###...       12%         3    ##.....


Dungeon Overview and Level Annotations

Branches:
Dungeon (12/15)            Temple (1/1) D:7             Orc (0/2) D:11
   Lair: D:8-11

Altars:
Ashenzari
Cheibriados
Elyvilon
Fedhas
Gozag
Hepliaklqana
Kikubaaqudgha
Makhleb
Nemelex Xobeh
Okawaru
Qazlal
Ru
Sif Muna
Trog
Uskayaw
Vehumet
Wu Jian
Xom
Yredelemnul
Zin
The Shining One

Annotations:
D:11 Maurice


Innate Abilities, Weirdness & Mutations

You have razor-sharp teeth.
You have supernaturally acute eyesight. (SInv)
You can survive without breathing.


Message History

You destroy the worker ant zombie!
Makhleb accepts your kill.
The skeletal warrior throws a stone.
The stone hits you!
Casting: Confuse (safe; 4% risk of failure)
Confirm with . or Enter, or press ? or * to list all spells.
Aiming: Confuse (safe; 4% risk of failure)
Press: ? - help, Shift-Dir - straight line, f/p - skeletal warrior
Aim: a skeletal warrior, wielding a long sword (chance to defeat MR: 3%)
The skeletal warrior resists with almost no effort.
The skeletal warrior throws a stone.
The stone hits you!!
Casting: Confuse (safe; 4% risk of failure)
Confirm with . or Enter, or press ? or * to list all spells.
Aiming: Confuse (safe; 4% risk of failure)
Press: ? - help, Shift-Dir - straight line, f/p - skeletal warrior
Aim: a skeletal warrior, wielding a long sword (chance to defeat MR: 3%)
The skeletal warrior resists with almost no effort.
The skeletal warrior throws a stone.
The stone hits you!!
* * * LOW HITPOINT WARNING * * *
The skeletal warrior throws a stone.
The stone hits you!!
You die...

≈≈≈≈P.. ≈≈≈≈≈≈.
≈≈≈≈≈≈≈≈. .P≈≈≈≈≈≈.
.g...≈≈..
.....P...###############
...............(@(......
.......$.>..(z..........
.............(..()((....
........................
.........(..............
..<.....................
........>...............
......##################
.z....


You could see a skeletal warrior.

Vanquished Creatures
  Harold (D:7)
  A two-headed ogre (D:12)
  A cyclops (D:12)
  Joseph (Temple)
  A harpy skeleton (D:11)
  10 yaks
  A wyvern (D:7)
  2 humans (D:7)
  2 vampire mosquitoes (D:12)
  An orc warrior (D:8)
  2 sky beasts
  A phantom (D:4)
  3 ice beasts
  3 ogres
  5 centaurs
  3 bullfrogs
  4 scorpions
  5 wights (D:6)
  A howler monkey (D:4)
  7 crimson imps
  A bullfrog zombie (D:12)
  A centaur skeleton (D:8)
  A hound (D:4)
  2 jellies
  2 orc priests (D:5)
  2 orc wizards
  3 bullfrog skeletons
  3 iguanas
  Natasha (twice) (D:2)
  5 worker ants
  A killer bee zombie (D:6)
  2 hound skeletons
  A worker ant zombie (D:11)
  7 gnolls
  2 howler monkey skeletons
  8 adders
  4 shadow imps
  2 oozes
  An adder zombie (D:5)
  2 adder skeletons
  2 dart slugs
  7 leopard geckos
  22 orcs
  4 bats
  2 giant cockroaches
  6 goblins
  7 hobgoblins
  4 jackals (D:5)
  3 quokkas
  3 ball pythons
  A ball python zombie (D:5)
  8 frilled lizards
  7 kobolds
  5 rats
188 creatures vanquished.

Notes
Turn   | Place    | Note
-------+----------+-------------------------------------------
     0 | D:1      | dohliylev the Vampire Enchanter began the quest for the
                  | Orb.
     0 | D:1      | Reached XP level 1. HP: 13/13 MP: 3/3
   288 | D:1      | Reached XP level 2. HP: 10/19 MP: 5/5
   299 | D:1      | Learned a level 2 spell: Ensorcelled Hibernation
   472 | D:1      | Reached skill level 5 in Hexes
   656 | D:1      | Reached XP level 3. HP: 24/24 MP: 6/6
   822 | D:2      | Reached skill level 5 in Stealth
   878 | D:2      | Found a hide-covered altar of Uskayaw.
   885 | D:2      | Noticed a hand axe
   907 | D:2      | Noticed a hand axe
  1076 | D:2      | Noticed Natasha
  1080 | D:2      | Killed Natasha
  1080 | D:2      | Reached skill level 1 in Ice Magic
  1080 | D:2      | Reached XP level 4. HP: 24/30 MP: 1/7
  1103 | D:2      | Noticed Natasha
  1133 | D:2      | Killed Natasha
  1279 | D:3      | Found a sacrificial altar of Ru.
  1348 | D:3      | Reached XP level 5. HP: 20/35 MP: 1/8
  1416 | D:3      | Reached skill level 5 in Short Blades
  1603 | D:3      | Learned a level 3 spell: Confuse
  1725 | D:4      | Got a scorched copper ring
  1727 | D:4      | Identified the cursed ring of Contentment {Str-2 Dex+4
                  | SInv} (You found it on level 4 of the Dungeon)
  1784 | D:4      | Noticed a phantom
  1885 | D:4      | Killed a phantom
  1885 | D:4      | Reached skill level 1 in Fighting
  1885 | D:4      | Reached XP level 6. HP: 41/43 MP: 2/9
  2702 | D:4      | Got a faintly humming robe
  2714 | D:4      | Identified the +2 robe "Fuhupe" {rPois rCorr Dex+4} (You
                  | found it on level 4 of the Dungeon)
  2860 | D:5      | Entered Level 5 of the Dungeon
  2900 | D:5      | Reached XP level 7. HP: 50/50 MP: 5/10
  2941 | D:5      | Reached skill level 5 in Dodging
  3138 | D:6      | Reached skill level 6 in Stealth
  3357 | D:5      | Reached XP level 8. HP: 55/56 MP: 2/11
  3396 | D:5      | Reached skill level 7 in Stealth
  3444 | D:5      | Found a deep blue altar of Sif Muna.
  3890 | D:6      | Got a heavy robe
  3901 | D:6      | Identified the +2 robe "Asatun" {Int+4} (You found it on
                  | level 6 of the Dungeon)
  4301 | D:6      | Reached skill level 8 in Stealth
  4621 | D:6      | Found a hazy altar of Hepliaklqana.
  4889 | D:7      | Reached skill level 5 in Fighting
  4945 | D:7      | Reached skill level 1 in Evocations
  4966 | D:7      | Reached XP level 9. HP: 55/68 MP: 5/12
  5271 | D:7      | Found a glowing silver altar of Zin.
  5272 | D:7      | Found a shimmering altar of Xom.
  5322 | D:7      | Found a transporter.
  5328 | D:7      | Found a transporter.
  5469 | D:7      | Noticed Joseph
  5469 | D:7      | Found a staircase to the Ecumenical Temple.
  5475 | Temple   | Entered the Ecumenical Temple
  5478 | Temple   | Killed Joseph
  5499 | Temple   | Became a worshipper of Makhleb the Destroyer
  5662 | D:7      | Noticed Harold
  5680 | D:7      | Killed Harold
  5717 | D:7      | Found a shattered altar of Ashenzari.
  5991 | D:7      | Reached XP level 10. HP: 67/74 MP: 10/14
  6074 | D:7      | Found an iron altar of Okawaru.
  6131 | D:7      | Found a sparkling altar of Nemelex Xobeh.
  6504 | D:8      | Reached * piety under Makhleb
  6534 | D:8      | Found a bloodstained altar of Trog.
  6832 | D:8      | Found an ornate altar of the Wu Jian Council.
  6954 | D:8      | You are sucked into a shaft for 3 floors!
  6954 | D:11     | Found a staircase to the Orcish Mines.
  6954 | D:11     | Noticed a two-headed ogre
  6954 | D:11     | Noticed a skeletal warrior
  6960 | D:11     | Found a basalt altar of Yredelemnul.
  6965 | D:11     | Noticed Maurice
  6981 | D:12     | Reached skill level 5 in Spellcasting
  7071 | D:12     | Reached skill level 9 in Stealth
  7250 | D:12     | Noticed a two-headed ogre
  7254 | D:12     | Killed a two-headed ogre
  7254 | D:12     | Reached skill level 10 in Stealth
  7271 | D:12     | Reached skill level 11 in Stealth
  7344 | D:12     | Noticed a cyclops
  7355 | D:12     | Killed a cyclops
  7378 | D:11     | Noticed a skeletal warrior
  7404 | D:11     | Hit by a stone thrown by a skeletal warrior

Skill      XL: |  1  2  3  4  5  6  7  8  9 10 |
---------------+-------------------------------+-----
Short Blades   | 2 3 4 5 7 8 |  8.0
Hexes          | 5 |  5.1
Stealth        | 5 6 8 11 | 11.5
Ice Magic      | 1 |  1.0
Dodging        | 3 4 5 8 |  8.5
Fighting       | 1 2 5 6 |  6.8
Evocations     | 2 3 |  3.2
Invocations    | 4 |  4.4
Spellcasting   | 5 |  5.0

Action                   |  1- 3 |  4- 6 |  7- 9 | 10-12 || total
-------------------------+-------+-------+-------+-------++-------
Melee: Dagger            |    97 |       |       |       ||    97
       Bite              |     9 |     7 |    45 |     8 ||    69
       Short sword       |    14 |   119 |   381 |    89 ||   603
       Unarmed           |       |     1 |       |       ||     1
 Cast: Ensorcelled Hiber |    12 |    24 |    47 |    31 ||   114
       Corona            |     1 |       |     2 |       ||     3
       Confuse           |       |     3 |    15 |    10 ||    28
 Abil: End Transformatio |     3 |    13 |       |     5 ||    21
       Bat Form          |     3 |    13 |       |     5 ||    21
  Use: Potion            |       |     1 |    10 |     1 ||    12
       Scroll            |       |       |    12 |       ||    12
 Stab: Sleeping          |    16 |    20 |    32 |    29 ||    97
       Confused          |       |     3 |     8 |     6 ||    17
       Distracted        |       |       |     1 |       ||     1
  Eat: Corpse            |     6 |     4 |     8 |     3 ||    21
Armor: Robe              |    22 |     7 |    28 |     8 ||    65
Dodge: Dodged            |    61 |    47 |   163 |    54 ||   325
